 Dungeon Crawl Stone Soup version 0.31-a0-574-g69dc8cc98e (webtiles) character file.

Game seed: 16029780447534596348

13140 kae the Fighter (level 11, -6/107 HPs)
             Began as a Purple Draconian Shapeshifter on Aug 18, 2023.
             Was an Initiate of Ru.
             Killed from afar by a gargoyle (25 damage)
             ... with a stone arrow
             ... on level 11 of the Dungeon.
             The game lasted 00:15:15 (12106 turns).

kae the Fighter (Purple Draconian Shapeshifter)    Turns: 12106, Time: 00:15:16

Health: -6/107     AC:  7    Str: 18    XL:     11   Next: 71%
Magic:  11/11      EV: 17    Int:  9    God:    Ru [......]
Gold:   667        SH:  0    Dex: 15    Spells: 10/10 levels left

rFire   . .          .
                       - Unarmed
rCold   . . .        (shield currently unavailable)
rNeg    . . .        (body armour unavailable)
rPois   .            (helmet restricted)
rElec   .            (no cloak)
rCorr   .            (no gloves)
SInv    .            (no boots)
Will    +....        (no amulet)
Stlth   +            Z - ring of wizardry
HPRegen 0.37/turn    E - +5 ring of evasion
MPRegen 0.12/turn

%: wizardry (x1)
@: flux-form, on berserk cooldown, hasted and slowed, glowing
A: glow, contaminating, breathe power, AC +7, unfitting armour, cold-blooded
a: Breathe Dispelling Energy, Begin Untransformation, Renounce Religion,
Sacrifice Forms, Sacrifice Purity, Sacrifice Resistance, Reject Sacrifices


You were on level 11 of the Dungeon.
You worshipped Ru.
Ru was noncommittal.
You were something dangerously unstable.
You visited 1 branch of the dungeon, and saw 11 of its levels.

You collected 719 gold pieces.
You spent 52 gold pieces at shops.


Innate Abilities, Weirdness & Mutations

You are something dangerously unstable.
You glow with magical radiation, making you easy to see and hit.
Foes you strike become dangerously contaminated with magical radiation.
You are incapable of wielding weapons or throwing items.
You can breathe bolts of dispelling energy.
Your rich purple scales are hard. (AC +7)
You cannot fit into any form of body armour.
You are cold-blooded and may be slowed by cold attacks.


   Skills:
 + Level 13.3 Fighting
 - Level 1.7 Dodging
 - Level 10.0 Unarmed Combat
 - Level 10.0 Shapeshifting


You had 10 spell levels left.
You didn't know any spells.
Your spell library contained the following spells:

 Spells                   Type           Power      Damage    Failure   Level
 Dazzling Flash           Conj/Hex       0%         N/A       43%         3
 Volatile Blastmotes      Fire/Tloc      0%         2d10      43%         3
 Starburst                Conj/Fire      0%         6d3       100%        6
 Maxwell's Capacitive Co  Air            0%         ∞         100%        8

Inventory:

Missiles
 g - 86 stones
 s - 2 boomerangs
 v - 9 poisoned darts
 x - 5 curare-tipped darts {=f}
Jewellery
 E - a +5 ring of evasion (right hand)
   (You found it on level 2 of the Dungeon)
 P - a ring of poison resistance
   (You took it off an orc on level 11 of the Dungeon)
 W - a ring of magical power
   (You found it on level 11 of the Dungeon)
 Z - a ring of wizardry (left hand)
   (You found it on level 1 of the Dungeon)
Talismans
 b - a beast talisman
 c - a flux talisman (active)
Wands
 j - a wand of flame (17)
   (You found it on level 4 of the Dungeon)
 p - a wand of polymorph (8)
   (You took it off Jeremiah on level 8 of the Dungeon)
 u - a wand of roots (6)
   (You found it on level 6 of the Dungeon)
Scrolls
 h - 4 scrolls of teleportation {@r4}
 m - a scroll of butterflies
 o - 3 scrolls of enchant weapon
 r - 2 scrolls of revelation
 y - 3 scrolls of poison {!r}
 B - 2 scrolls of identify {@r1}
Potions
 a - 3 potions of lignification {!q}
 d - 8 potions of curing {@q1}
 e - 2 potions of mutation {!q}
 f - 2 potions of brilliance
 i - 3 potions of enlightenment
 k - 2 potions of attraction {!q}
 l - 3 potions of invisibility
 n - 2 potions of degeneration {!q}
 w - a potion of cancellation
 z - a potion of might
 A - 2 potions of heal wounds {@q2}

Dungeon Overview and Level Annotations

Branches:
Dungeon (11/15) Zot: 25714  Temple (0/1) D:5            Lair (0/5) D:9
    Orc (0/2) D:11

Altars:
Dithmenos
Kikubaaqudgha
Okawaru
Qazlal
Ru
Sif Muna
Uskayaw
Wu Jian
Xom
The Shining One

Shops:
D:1 (   D:6 !   D:7 !

Annotations:
D:4 Menkaure
D:11 Gastronok

#... #.. #... #.. #... #..
... ##. ..## ## ..#
####### #.# ####...... #9#
#....##### #B## #.#### #
##bw######.#### ##
..###.............# #.
.y......#....###....# #.
w...###......###....# #.
## ##..)...........####.
.#####..........#..)...#..
.........................#
.####..........##...###..


You could see Gastronok (swift, heavy contam, misshapen), a gargoyle and a bat
(summoned).


Message History

You punch the killer bee!
You kill the killer bee!
You feel sick.
The killer bee closely misses you. 😮 HP[-2]
You take 2 damage, and now have 86/160 hp.
You miss the killer bee.
Your tail-slap misses the killer bee.
You feel sick. The killer bee misses you.
Unknown command.
You punch the killer bee!
The killer bee begins to glow.
Your tail-slap misses the killer bee.
You feel sick. The killer bee barely misses you. The killer bee misses you.
Gastronok's eyestalks quiver as he mumbles some strange words. 😮 HP[-1]
You take 1 damage, and now have 85/160 hp.
Unknown command.
You pummel the killer bee!!
You kill the killer bee!
You feel sick.
The killer bee stings you but does no damage. 😮 HP[-1]
You take 1 damage, and now have 84/160 hp.
Unknown command.
You punch the killer bee!
The killer bee begins to glow.
You feel sick. The killer bee completely misses you.
The killer bee barely misses you.
Unknown command.
You punch the killer bee!
You kill the killer bee!
You feel sick. The bat closely misses you.
Gastronok waves his eye-stalks in wide circles.
The air twists around and strikes you!!
* * * LOW HITPOINT WARNING * * *
😨 HP[-19]
You take 19 damage, and now have 65/160 hp.
You punch the bat!
You kill the bat!
The bat's corpse disappears in a puff of smoke!
The bat closely misses you.
A gargoyle comes into view.
It is wielding a +0 flail. 😨 HP[+1] Unknown command.
You closely miss the bat.
You feel sick. The bat closely misses you. Gastronok casts a spell at you.
You feel as though you will be slow longer.
The gargoyle hurls a stone arrow at you.
The stone arrow hits you!
* * * LOW HITPOINT WARNING * * *
😨 HP[-9]
You take 9 damage, and now have 57/160 hp.
You feel sick.
You are no longer poisoned.
The bat completely misses you.
Things that are here:
a killer bee corpse; a killer bee corpse 😨 HP[-1]
You take 1 damage, and now have 56/160 hp.
You punch Gastronok!
Gastronok begins to glow.
You have got your breath back.
The bat hits you.
* * * LOW HITPOINT WARNING * * *
Gastronok bites you!!
* * * LOW HITPOINT WARNING * * *
😱 HP[-30]
You take 30 damage, and now have 26/160 hp.
You punch Gastronok!
Gastronok glows dangerously bright.
You tail-slap Gastronok. The bat hits you but does no damage.
Unknown command.
You hit Gastronok.
Gastronok shudders as magic cascades through him!!
Gastronok twists and deforms. 😱 HP[+1] Unknown command.
You hit Gastronok.
Gastronok begins to glow.
You are no longer berserk.
You are exhausted.
You feel as though you will be slow longer.
The bat closely misses you.
The gargoyle hurls a stone arrow at you.
The stone arrow misses you.
Gastronok glows a brilliant shade of cerise. 😱 HP[-9]
You now have 107 max hp (-53).
Unknown command.
You hit Gastronok.
Gastronok glows dangerously bright.
You tail-slap Gastronok. The bat closely misses you. The gargoyle misses you.
Unknown command.
You hit Gastronok.
Gastronok shudders as magic cascades through him!!
Gastronok twists and deforms.
You tail-slap Gastronok. The bat hits you but does no damage.
Gastronok wobbles crazily.
Unknown command.
You hit Gastronok but do no damage.
Gastronok begins to glow.
The bat hits you but does no damage.
The gargoyle closely misses you. 😱 HP[+1] Unknown command.
You hit Gastronok.
Gastronok glows dangerously bright.
The bat hits you but does no damage.
The gargoyle hurls a stone arrow at you.
The stone arrow hits you!!
You die...

Skill      XL: |  1  2  3  4  5  6  7  8  9 10 11 |
---------------+----------------------------------+-----
Shapeshifting  | 4 5 6 7 8 10 | 10.0
Unarmed Combat | 4 5 6 7 9 10 | 10.0
Fighting       | 9 13 | 13.3
Dodging        | |  1.7

Action                     |  1- 3 |  4- 6 |  7- 9 | 10-12 || total
---------------------------+-------+-------+-------+-------++-------
  Melee: Unarmed           |    98 |   160 |   294 |   385 ||   937
         Tailslap          |    11 |    25 |    55 |    79 ||   170
         Punch             |       |    10 |     2 |       ||    12
 Invoke: Reject Sacrifices |       |       |     1 |       ||     1
Ability: Breathe Dispellin |       |       |    16 |    18 ||    34
  Evoke: Wand              |       |       |       |     2 ||     2
    Use: Scroll            |     6 |     5 |     5 |     5 ||    21
         Potion            |       |     1 |     3 |     3 ||     7
 Armour: Skin              |    21 |    18 |    33 |    63 ||   135
  Dodge: Dodged            |    39 |    83 |   233 |   312 ||   667
   Form: Flux              |       |       |     1 |       ||     1

Levels and vault maps discovered:
D:1:      psy_arrival_spokes, layout_rooms, serial_shops, shop
D:2:      layout_basic, amcnicky_mini_rare_corridor_liquid, chequers_jeans,
          dk_vineyard_2, minmay_quadrilaterals
D:3:      layout_rooms, kennysheep_okawaru_gauntlet, nicolae_ru_awakened_eye,
          minmay_goblin_kobold_house, uniq_robin, uniq_jessica
D:4:      layout_basic, kiku_gazebo_garden_becter, led_sif_pool,
          mainiacjoe_overflow_boulevard, mainiacjoe_overflow_24_doors,
          uniq_menkaure
D:5:      layout_loops_ring, mainiacjoe_overflow_alcove_4,
          minmay_temple_entry_trees, uniq_pikel
D:6:      layout_basic, xom_redecorated, serial_shops, shop_statue
D:7:      layout_basic, trog_hazing_becter, serial_shops,
          nicolae_shop_window_shopping
D:8:      layout_loops_cross, uniq_joseph, uniq_jeremiah
D:9:      layout_loops_ring, minmay_lair_entry_grove
D:10:     layout_roguey, marbit_many_paths, mainiacjoe_overflow_cross_hatched
D:11:     minmay_spotlight, layout_rooms, hiddenorc1_lemuel, uniq_gastronok

Notes
Turn   | Place    | Note
-------+----------+-------------------------------------------
     0 | D:1      | kae the Draconian Shapeshifter began the quest for the Orb.
     0 | D:1      | Reached XP level 1. HP: 16/16 MP: 1/1
     0 | D:1      | magus.rc [v1.11.3]
    51 | D:1      | Reached XP level 2. HP: 23/23 MP: 2/2
    85 | D:1      | Found Batoami's Antique Weapon Shoppe.
   394 | D:1      | Reached XP level 3. HP: 28/28 MP: 3/3
  1314 | D:3      | Reached skill level 4 in Shapeshifting
  1317 | D:3      | Reached XP level 4. HP: 31/35 MP: 4/4
  1319 | D:3      | Noticed Robin
  1429 | D:3      | Killed Robin
  1464 | D:3      | Identified the +1 shortbow of Malaise {antimagic, Str+6}
  1505 | D:3      | Found an iron altar of Okawaru.
  1588 | D:3      | Noticed Jessica
  1605 | D:3      | Killed Jessica
  1649 | D:3      | Found a sacrificial altar of Ru.
  1713 | D:3      | Reached skill level 4 in Unarmed Combat
  1781 | D:3      | Reached XP level 5. HP: 30/40 MP: 5/5
  2012 | D:3      | Became a worshipper of Ru the Awakened
  2194 | D:4      | Noticed Menkaure
  2203 | D:4      | Found an ancient bone altar of Kikubaaqudgha.
  2302 | D:4      | Found a stormy altar of Qazlal.
  2616 | D:4      | Found a shimmering blue altar of Sif Muna.
  2673 | D:4      | Found a hide-covered altar of Uskayaw.
  3094 | D:5      | Entered Level 5 of the Dungeon
  3120 | D:5      | Reached skill level 5 in Shapeshifting
  3182 | D:5      | Reached XP level 6. HP: 20/47 MP: 6/6
  3370 | D:5      | Found a staircase to the Ecumenical Temple.
  3437 | D:5      | Reached skill level 5 in Unarmed Combat
  3579 | D:5      | Reached skill level 6 in Shapeshifting
  3579 | D:5      | Your scales start taking on a rich purple colour.
  3579 | D:5      | Reached XP level 7. HP: 52/52 MP: 7/7
  3846 | D:5      | Found an ornate altar of the Wu Jian Council.
  4056 | D:5      | Noticed Pikel
  4068 | D:5      | Killed Pikel
  4069 | D:5      | Reached skill level 6 in Unarmed Combat
  4069 | D:5      | Reached skill level 7 in Shapeshifting
  4069 | D:5      | Reached XP level 8. HP: 35/59 MP: 8/8
  4425 | D:6      | Found a shimmering altar of Xom.
  4425 | D:6      | Found a shimmering altar of Xom.
  4425 | D:6      | Found a shimmering altar of Xom.
  4427 | D:6      | Found a shimmering altar of Xom.
  4546 | D:6      | Reached skill level 8 in Shapeshifting
  4734 | D:6      | Reached skill level 7 in Unarmed Combat
  5092 | D:6      | Found Jefos's Distillery.
  5178 | D:6      | Bought a potion of degeneration for 13 gold pieces
  5178 | D:6      | Bought a potion of curing for 39 gold pieces
  5310 | D:6      | Reached XP level 9. HP: 55/64 MP: 9/9
  5597 | D:6      | Reached skill level 9 in Shapeshifting
  5922 | D:7      | You pick up a book of Spectacle and begin reading...
  5922 | D:7      | You add the spells Volatile Blastmotes, Dazzling Flash,
                  | Starburst and Maxwell's Capacitive Coupling to your
                  | library.
  5941 | D:7      | Paralysed by a hornet for 1 turns
  5947 | D:7      | Reached skill level 8 in Unarmed Combat
  6076 | D:7      | Found Rirotaf's Distillery.
  6628 | D:8      | Reached skill level 10 in Shapeshifting
  6831 | D:8      | Reached skill level 9 in Unarmed Combat
  7027 | D:8      | HP: 14/64 [wight/+1 dire flail (7)]
  7028 | D:8      | HP: 5/64 [wight/+1 dire flail (9)]
  7196 | D:8      | Reached XP level 10. HP: 47/67 MP: 10/10
  7433 | D:8      | Noticed Joseph
  7448 | D:8      | HP: 13/68 [Joseph/+0 quarterstaff (11)]
  7455 | D:8      | Killed Joseph
  7456 | D:8      | Reached skill level 10 in Unarmed Combat
  7598 | D:8      | Noticed Jeremiah
  7686 | D:9      | Noticed a two-headed ogre
  7704 | D:9      | Killed a two-headed ogre
  7705 | D:9      | Reached skill level 4 in Fighting
  7711 | D:9      | HP: 17/80 [wyvern (11)]
  7712 | D:9      | HP: 7/80 [wyvern (10)]
  7810 | D:9      | Reached skill level 5 in Fighting
  8022 | D:9      | Reached skill level 6 in Fighting
  8031 | D:9      | HP: 20/84 [wyvern (7)]
  8043 | D:8      | Reached skill level 7 in Fighting
  8383 | D:8      | Killed Jeremiah
  8540 | D:9      | Reached skill level 8 in Fighting
  8556 | D:9      | Found a staircase to the Lair.
  8859 | D:9      | Reached skill level 9 in Fighting
  9211 | D:9      | Reached XP level 11. HP: 82/97 MP: 11/11
  9572 | D:10     | Entered Level 10 of the Dungeon
  9721 | D:10     | Reached skill level 10 in Fighting
 10084 | D:10     | HP: 21/101 [something (5)]
 10089 | D:10     | Reached skill level 11 in Fighting
 10477 | D:10     | Found a glowing golden altar of the Shining One.
 10736 | D:10     | Found a shadowy altar of Dithmenos.
 10848 | D:11     | Noticed a two-headed ogre
 10848 | D:11     | Noticed a green ugly thing
 10868 | D:10     | Killed a purple ugly thing
 10952 | D:11     | Killed a two-headed ogre
 11195 | D:11     | Reached skill level 12 in Fighting
 11257 | D:11     | Identified the +5 spear "Niureeps" {flame, Contam rN++ MP+9
                  | Int+4}
 11279 | D:11     | magus.rc [v1.11.3]
 11287 | D:10     | HP: 23/104 [yak (11)]
 11862 | D:11     | Noticed a two-headed ogre
 11873 | D:11     | Killed a two-headed ogre
 11874 | D:11     | Reached skill level 13 in Fighting
 11928 | D:11     | Found a staircase to the Orcish Mines.
 11966 | D:11     | Noticed a deep elf pyromancer
 11971 | D:11     | Killed a deep elf pyromancer
 12070 | D:11     | Noticed Gastronok
 12099 | D:11     | HP: 26/160 [Gastronok (30)]
 12106 | D:11     | Killed from afar by a gargoyle

Vanquished Creatures
  3 two-headed ogres
  Pikel (D:5)
  A deep elf pyromancer (D:11)
  An ugly thing (D:10)
  Joseph (D:8)
  Jeremiah (D:8)
  A troll (D:10)
  A hornet (D:7)
  5 wyverns
  A wraith (D:10)
  19 yaks
  4 steam dragons
  5 water moccasins
  2 acid dragons
  2 ice beasts
  A black bear (D:6)
  5 orc warriors
  3 ogres
  5 centaurs
  2 kobold brigands
  A lemure (D:5)
  2 bullfrogs
  A gnoll sergeant (D:6)
  6 scorpions
  16 wights
  8 killer bees
  2 howler monkeys
  3 jellies
  5 orc priests
  A gnoll bouda (D:8)
  2 hounds
  Jessica (D:3)
  3 sleepcaps
  An iguana (D:5)
  8 orc wizards
  Robin (D:3)
  17 gnolls
  2 adders (D:5)
  An ufetubus (D:5)
  4 dart slugs
  50 orcs
  A bat (D:2)
  6 endoplasms
  3 giant cockroaches
  11 hobgoblins
  2 jackals (D:3)
  3 quokkas
  8 ball pythons
  2 frilled lizards
  21 goblins
  12 kobolds
  7 rats
275 creatures vanquished.

Table legend:
 A = Non-vault XP
 B = Vault XP
 C = Vault XP percentage of total XP
 D = Non-vault monster count
 E = Vault monster count
 F = Vault count percentage of total count
                 A         B        C        D         E       F
            +---------+---------+-------+---------+---------+-------
      Total |   13494 |    5278 |  28.1 |     215 |      59 |  21.5
            +---------+---------+-------+---------+---------+-------
        D:1 |      44 |       0 |   0.0 |      26 |       0 |   0.0
        D:2 |      24 |      10 |  29.4 |      15 |       4 |  21.1
        D:3 |      71 |      81 |  53.3 |      14 |      19 |  57.6
        D:4 |      77 |       0 |   0.0 |      14 |       0 |   0.0
        D:5 |     606 |     617 |  50.4 |      20 |       1 |   4.8
        D:6 |    1844 |       0 |   0.0 |      34 |       0 |   0.0
        D:7 |     587 |       0 |   0.0 |      10 |       0 |   0.0
        D:8 |    1853 |    1081 |  36.8 |      28 |       3 |   9.7
        D:9 |    2077 |    2201 |  51.4 |      16 |      12 |  42.9
       D:10 |    4279 |     110 |   2.5 |      30 |       1 |   3.2
       D:11 |    2032 |    1178 |  36.7 |       8 |      19 |  70.4
            +---------+---------+-------+---------+---------+-------

Skill      XL: |  1  2  3  4  5  6  7  8  9 10 11 |
---------------+----------------------------------+-----
Shapeshifting  | 4 5 6 7 8 10 | 10.0
Unarmed Combat | 4 5 6 7 9 10 | 10.0
Fighting       | 9 13 | 13.3
Dodging        | |  1.7

Action                     |  1- 3 |  4- 6 |  7- 9 | 10-12 || total
---------------------------+-------+-------+-------+-------++-------
  Melee: Unarmed           |    98 |   160 |   294 |   385 ||   937
         Tailslap          |    11 |    25 |    55 |    79 ||   170
         Punch             |       |    10 |     2 |       ||    12
 Invoke: Reject Sacrifices |       |       |     1 |       ||     1
Ability: Breathe Dispellin |       |       |    16 |    18 ||    34
  Evoke: Wand              |       |       |       |     2 ||     2
    Use: Scroll            |     6 |     5 |     5 |     5 ||    21
         Potion            |       |     1 |     3 |     3 ||     7
 Armour: Skin              |    21 |    18 |    33 |    63 ||   135
  Dodge: Dodged            |    39 |    83 |   233 |   312 ||   667
   Form: Flux              |       |       |     1 |       ||     1

Illustrated notes

Table legend:
 A = Kills in this place as a percentage of kills in the entire game.
 B = Kills by you in this place as a percentage of kills by you in the entire game.
 C = Kills by friends in this place as a percentage of kills by friends in the entire game.
 D = Other kills in this place as a percentage of other kills in the entire game.
 E = Experience gained in this place as a percentage of experience gained in the entire game.
 F = Experience gained in this place divided by the number of levels of this place that you have seen.
                   A       B       C       D       E      F
               +-------+-------+-------+-------+-------+----------------------
         Total | 100.0 | 100.0 |   N/A |   N/A | 100.0 | 1706.5
       Dungeon | 100.0 | 100.0 |   N/A |   N/A | 100.0 | 1706.5
               +-------+-------+-------+-------+-------+----------------------

Table legend: (Time is in decaauts)
 A = Elapsed time spent in this place.
 B = Non-inter-level travel time spent in this place.
 C = Inter-level travel time spent in this place.
 D = Time resting spent in this place.
 E = Time spent auto-exploring this place.
 F = Levels seen in this place.
 G = Mean time per level.
                   A        B        C        D        E       F      G
               +--------+--------+--------+--------+--------+-----+--------+
         Total |  11982 |  11535 |    447 |   2200 |   7477 |  11 | 1089.3 |
       Dungeon |  11982 |  11535 |    447 |   2200 |   7477 |  11 | 1089.3 |
               +--------+--------+--------+--------+--------+-----+--------+

Top non-repeatable levels by time:
    D:10: 2012 daAuts
     D:6: 1621 daAuts
     D:9: 1420 daAuts
     D:8: 1358 daAuts
     D:5: 1099 daAuts
     D:4: 1067 daAuts
     D:2: 942 daAuts
     D:7: 913 daAuts
     D:3: 626 daAuts
    D:11: 496 daAuts
     D:1: 425 daAuts
